 Dungeon Crawl Stone Soup version 0.15.0-16-gce31824 (webtiles) character file.

303088 MDvedh the Slayer (level 20, -1/179 (185) HPs)
             Began as a Hill Orc Death Knight on Sept 6, 2014.
             Was the Champion of Yredelemnul.
             Killed by divine providence
             ... invoked by a smoke demon
              (15 damage)
             ... on Level 5 of the Depths.
             The game lasted 02:07:52 (35116 turns).

MDvedh the Slayer (Hill Orc Death Knight)          Turns: 35116, Time: 02:07:52

HP  -1/179 (185) AC 37     Str 28      XL: 20   Next: 63%
MP  35/35        EV 25     Int  9      God: Yredelemnul [******]
Gold 1095        SH  0     Dex 20      Spells:  0 memorised, 19 levels left

rFire  + . .     SeeInvis .     Q - +5 battleaxe (chop)
rCold  + . .     Clarity  +     S - +12 chain mail of the Original Sin {+Blink rC+}
rNeg   + . .     rCorr    .     (no shield)
rPois  .         rRot     .     V - +2 hat
rElec  .         Spirit   .     a - +2 cloak
SustAb .         Warding  .     x - +2 pair of gloves {Str+3}
rMut   .         Stasis   .     l - +2 pair of boots {run}
Gourm  .                        X - amulet of the Four Winds {Clar rN+ MR+++}
MR     ++++.                    H - +6 ring of dexterity
                                J - ring of Shaolin {EV+8}

@: about to teleport, studying Armour, quick, incredibly resistant to hostile
enchantments, extremely unstealthy
A: dopey 1, fire resistance 1, frail 1, strong 2
a: Animate Dead, Recall Undead Slaves, Injury Mirror, Drain Life, Enslave Soul,
Renounce Religion, Evoke Blink
0: Orb of Zot
}: 3/15 runes: barnacled, slimy, gossamer


You were on level 5 of the Depths.
You worshipped Yredelemnul.
Yredelemnul was exalted by your worship.
You were very full.

You visited 8 branches of the dungeon, and saw 53 of its levels.
You also visited: Sewer.

You collected 3902 gold pieces.
You spent 2807 gold pieces at shops.

Inventory:

Hand weapons
 f - a +2 war axe of flaming
 Q - a +5 battleaxe of chopping (weapon)
Armour
 a - a +2 cloak (worn)
 l - a +2 pair of boots of running (worn)
 x - a +2 pair of gloves of strength (worn)
 S - the +12 chain mail of the Original Sin (worn) {+Blink rC+}
   (You found it on level 12 of the Dungeon)

   It protects you from cold.
   It lets you blink.
 V - a +2 hat (worn)
Magical devices
 y - a wand of teleportation (2)
 B - a wand of teleportation (4)
 R - a wand of disintegration (1)
Comestibles
 o - 11 bread rations
 p - 5 royal jellies
 C - 13 beef jerkies
 E - a meat ration
 M - a slice of pizza
Scrolls
 k - 15 scrolls of remove curse
 m - 7 scrolls of teleportation
 n - 6 scrolls of enchant armour
 r - 2 scrolls of blinking
 s - 12 scrolls of fog
 w - 8 scrolls of recharging
 A - a scroll of silence
 D - 11 scrolls of identify
 O - a scroll of fear
Jewellery
 c - a +2 ring of intelligence
 h - an uncursed ring of fire
 H - a +6 ring of dexterity (right hand)
 J - the ring of Shaolin (left hand) {EV+8}
   (You bought it in a shop on level 8 of the Dungeon)

   [ring of evasion]

   It affects your evasion (+8).
 K - the ring "Suoxy" {Wiz Dex+1}
   (You found it on level 6 of the Pits of Slime)

   [ring of wizardry]

   It improves your spell success rate.
   It affects your dexterity (+1).
 T - a +2 ring of intelligence
 X - the amulet of the Four Winds (around neck) {Clar rN+ MR+++}
   (You took it off a centaur warrior on level 13 of the Dungeon)

   [amulet of clarity]

   It provides mental clarity.
   It protects you from negative energy.
   It affects your resistance to hostile enchantments.
Potions
 e - 6 potions of restore abilities
 g - 5 potions of curing
 j - a potion of flight
 t - a potion of might
 u - a potion of brilliance
 v - a potion of berserk rage
 z - 2 potions of porridge
 G - 2 potions of invisibility
 I - a potion of cure mutation
 N - a potion of magic
 P - a potion of cancellation
Books
 i - a manual of Armour


   Skills:
 + Level 24.2 Fighting
 - Level 22.6 Axes
 - Level 12.8 Armour
 - Level 12.9 Dodging
 - Level 14.4 Invocations


You had 19 spell levels left.
You didn't know any spells.

Dungeon Overview and Level Annotations

Branches:
Dungeon (15/15)            Temple (0/1) D:4             Orc (4/4) D:11
    Elf (0/3) Orc:3          Lair (8/8) D:10         Shoals (5/5) Lair:5
 Spider (5/5) Lair:4        Slime (6/6) Lair:6       Vaults (0/5) D:14
 Depths (5/5) D:15            Zot (5/5) Depths:5

Altars:
Cheibriados
Beogh

Shops:
D:8 =   D:13 [   D:15 %   Orc:4 (*(:

Portals:
Hell: Depths:5
Pandemonium: Depths:4 Depths:5
Ziggurat: Depths:5


Innate Abilities, Weirdness & Mutations

You are dopey. (Int -2)
Your flesh is heat resistant.
You are frail (-10% HP).
Your muscles are very strong. (Str +4)


Message History

* * * LOW HITPOINT WARNING * * *
A smoke demon and a hellion come into view.
Drink which item? (? for menu, Esc to quit)
You feel better.
The smoke demon roars!
Mneiled completely misses you. The smoke demon gestures at you.
Something smites you!
* * * LOW HITPOINT WARNING * * *
The sun demon hits you.
* * * LOW HITPOINT WARNING * * *
You are engulfed in flames!
You resist.
* * * LOW HITPOINT WARNING * * *
Mneiled sneers, "Embrace thy fall, thou dankish beef-witted minnow reeky!"
Mneiled hits you!
* * * LOW HITPOINT WARNING * * *
The smoke demon gestures at you. Something smites you!
You die...
Your body rises from the dead as a mindless zombie. ..#### ##...ZZ..# .Z.Z.## #####Z### ..##.Z## #Z# Z####Z.## ##Z#####.# '# ##.Z## ##........# Z# ##.Z# #...#####.# '# ##Z# #..## Z## ##.## #&v# #### ### ZZ## ##...#####3@# ##+.... ..
ZZZ#

#....)#..2v3# #...####+####
..##
##Z)Z#####2####..##.......#
.##
##.####..2..Z..####.....# #
## ##Z# #'.....Z..#.###...#
#. ##Z.#
##..L..Z..#..###'###.. ##
##..##
#........#...#...#...
.####..##
##........'..)'Z∩.'...
..##.Z##
#'..3.....#...#...#...


You could see Mneiled, a lich, a green death, a blizzard demon, a sun demon, 2
smoke demons, a hellion, 2 fire vortices, a friendly quicksilver dragon zombie,
a friendly ugly thing zombie, a friendly human zombie and a friendly white
draconian zombie.

Vanquished Creatures
  the royal jelly (Slime:6)
  3 orbs of fire (Zot:5)
  An ancient lich (Zot:5)
  A curse toe (Zot:5)
  Margery (Depths:5)
  A Killer Klown (Zot:5)
  4 golden dragons
  2 electric golems (Zot:5)
  A lich (Depths:4)
  14 Orb Guardians (Zot:5)
  3 acid blobs
  Rupert (D:15)
  Kirke (Shoals:3)
  2 draconian monks
  4 azure jellies
  3 frost giants (Depths:4)
  An iron dragon (Depths:4)
  2 fire giants
  3 ghost moths (Spider:5)
  A draconian zealot (Zot:1)
  3 emperor scorpions (Spider:5)
  2 very ugly things (Depths:5)
  A draconian annihilator (Depths:5)
  3 grey draconians
  A mottled draconian (Zot:1)
  2 white draconians
  An ettin (Depths:5)
  A red draconian (Zot:1)
  A minotaur (Depths:5)
  A merfolk javelineer (Shoals:5)
  A blizzard demon (Depths:4)
  A death ooze (Slime:6)
  A death cob (Zot:1)
  4 great orbs of eyes
  6 hydras
  5 ice dragons
  3 centaur warriors
  3 merfolk aquamancers (Shoals:5)
  A tengu warrior (D:13)
  8 death yaks
  A deep troll shaman (Depths:4)
  A hell knight (Depths:5)
  A catoblepas (Lair:8)
  3 iron trolls (Depths:5)
  An ice devil (Orc:4)
  3 skeletal warriors (D:15)
  A sea snake (Shoals:5)
  2 deep trolls (Depths:5)
  3 orb spiders (Spider:5)
  4 hill giants
  A harpy (Shoals:5)
  A torturous demonspawn (Depths:4)
  A swamp dragon (Depths:5)
  A mana viper (shapeshifter) (D:15)
  2 necromancers (Depths:5)
  3 manticores
  A faun (Shoals:2)
  2 orc sorcerers
  A salamander (D:15)
  3 wolf spiders
  10 ugly things
  3 cyclopes
  A sphinx skeleton (Depths:5)
  2 red wasps (Spider:5)
  5 elephants
  A hell beast (Depths:5)
  A spiny frog (Lair:3)
  2 orange demons
  7 moths of wrath
  A gargoyle (D:15)
  An eye of devastation (Slime:6)
  2 torpor snails
  5 black mambas
  A tengu conjurer (D:13)
  2 komodo dragons
  A demonic crawler (Spider:4)
  A fire drake (Lair:8)
  2 kobold demonologists (D:13)
  A yaktaur (D:13)
  A wind drake (Shoals:3)
  2 wandering mushrooms
  A blue devil (Depths:5)
  3 jumping spiders
  A merfolk (Shoals:3)
  A fire vortex (Depths:5)
  A hydra skeleton (D:13)
  A freezing wraith (D:14)
  6 blink frogs
  A raven (D:13)
  A boulder beetle (Spider:4)
  A snapping turtle (Shoals:5)
  2 trapdoor spiders (Spider:5)
  9 slime creatures
  2 trolls
  A basilisk (Lair:2)
  A two-headed ogre (Orc:4)
  A wraith (D:13)
  A ynoxinul (D:13)
  3 tarantellas
  2 water elementals (Depths:5)
  A deep elf mage (Depths:1)
  17 yaks
  12 redbacks
  A steam dragon (Lair:4)
  Grum (D:8)
  6 hippogriffs
  A hill giant skeleton (D:10)
  A deep elf fighter (D:13)
  10 wolves
  4 wyverns
  8 humans (D:14)
  Edmund (D:7)
  23 orc warriors
  8 water moccasins
  4 ice beasts
  4 wargs
  An ice beast (shapeshifter) (Depths:4)
  4 porcupines
  3 spiders (Spider:5)
  A tengu skeleton (D:13)
  4 yellow wasps
  3 centaurs
  8 ogres
  6 crocodiles
  Duvessa (D:5)
  2 big kobolds
  Blork the orc (D:6)
  A cyclops zombie (D:13)
  10 giant frogs
  A komodo dragon skeleton (D:13)
  A scorpion (D:12)
  A wyvern skeleton (D:13)
  3 eyes of draining
  A hippogriff zombie (D:13)
  An electric eel (D:7)
  A hippogriff skeleton (D:12)
  8 killer bees
  6 crimson imps
  9 jellies
  9 hounds
  2 iguanas
  A goliath beetle (D:7)
  11 orc priests
  A gnoll shaman (D:9)
  A quasit (D:13)
  Crazy Yiuf (D:3)
  An orange rat (Depths:1)
  12 orc wizards
  A sheep (Lair:8)
  6 worker ants
  Ijyb (D:3)
  2 mottled dragon skeletons
  A mummy (D:6)
  A scorpion zombie (D:8)
  3 gnolls
  30 adders
  38 green rats
  A steam dragon skeleton (D:8)
  5 shadow imps
  A white imp (Depths:5)
  A giant mite (D:4)
  An ufetubus (D:13)
  3 worms
  An iguana zombie (D:6)
  An adder skeleton (D:4)
  An iguana skeleton (D:5)
  2 orc skeletons
  6 giant geckos
  2 oozes (Lair:6)
  138 orcs
  13 ball pythons
  8 giant cockroaches
  21 goblins
  15 hobgoblins
  10 quokkas
  14 bats
  A giant cockroach zombie (D:5)
  4 giant newts
  A goblin zombie (D:5)
  3 jackals (D:2)
  26 kobolds
  An orc zombie (D:8)
  31 rats
  2 ballistomycetes (D:10)
  4 plants
844 creatures vanquished.

Vanquished Creatures (collateral kills)
  An orb of fire (Zot:5)
  An ancient lich (Zot:5)
  Boris (Depths:5)
  A golden dragon (Zot:4)
  4 tentacled monstrosities
  8 Orb Guardians (Zot:5)
  A quicksilver dragon (Depths:5)
  2 sphinxes
  9 acid blobs
  2 storm dragons
  4 azure jellies
  2 frost giants
  The ghost of Kashira the Thaumaturge, a mighty NaEn of Qazlal (Spider:5)
  A draconian knight (Zot:1)
  A draconian scorcher (Zot:1)
  3 ghost moths
  2 orc warlords
  2 rakshasas (Depths:2)
  A draconian caller (Zot:1)
  A grey draconian (Zot:1)
  3 green draconians
  A pale draconian (Zot:1)
  2 black draconians (Depths:5)
  A mottled draconian (Zot:1)
  2 white draconians
  A yellow draconian (Zot:1)
  3 merfolk javelineers
  Snorg (Lair:8)
  A minotaur (Depths:4)
  2 vault guards (D:14)
  5 death oozes
  5 merfolk impalers
  4 fire dragons
  2 ice dragons
  A death cob (Zot:4)
  A hydra (Lair:8)
  A deep troll earth mage (Depths:5)
  Erica (Lair:2)
  16 death yaks
  2 deep troll shamans (Depths:5)
  5 orc high priests (Orc:4)
  A hell knight (Depths:5)
  2 spriggan berserkers
  A shock serpent (shapeshifter) (Depths:4)
  2 catoblepae (Lair:8)
  A sea snake (Shoals:3)
  A giant orange brain (Slime:2)
  A deep elf summoner (Depths:1)
  8 orb spiders
  2 swamp dragons (Depths:5)
  5 deep trolls (Depths:5)
  A shadow demon (Depths:5)
  An unseen horror (D:10)
  4 hill giants
  A necromancer (D:14)
  2 wizards (D:14)
  3 fauns (Shoals:2)
  5 orc sorcerers
  A lindwurm (Shoals:3)
  2 orc knights
  2 manticores
  An oklob plant (Lair:8)
  20 elephants
  12 wolf spiders
  6 ugly things
  A shining eye (Slime:4)
  A moth of wrath (Zot:2)
  A water nymph (Shoals:2)
  A sixfirhy (Orc:4)
  Maurice (D:8)
  Joseph (D:8)
  4 spiny frogs
  A smoke demon (Depths:4)
  A torpor snail (Spider:4)
  An orange crystal statue (Zot:5)
  A gargoyle (D:12)
  3 komodo dragons
  An orange demon (Depths:4)
  2 black mambas
  A hellwing (Orc:4)
  An iron devil (Depths:5)
  4 yaktaurs
  2 fire drakes
  5 wandering mushrooms
  10 jumping spiders
  4 trolls
  7 merfolk
  A red devil (Depths:5)
  2 demonic crawlers
  A hydra zombie (D:15)
  Sonja (D:13)
  A polar bear (Lair:4)
  5 two-headed ogres (Orc:4)
  A blue devil (Depths:5)
  A raven (D:13)
  2 basilisks
  A raiju (shapeshifter) (D:13)
  29 slime creatures
  8 blink frogs
  A baby alligator (shapeshifter) (Depths:4)
  A deep elf mage (D:12)
  6 tarantellas
  14 redbacks
  5 hogs (Shoals:3)
  4 trapdoor spiders
  A wraith (D:12)
  A water elemental (Shoals:3)
  2 shadows
  A spriggan (Lair:5)
  5 wyverns
  A hill giant zombie (D:11)
  14 yaks
  A hungry ghost (D:12)
  Eustachio (D:5)
  3 hippogriffs
  12 humans (D:14)
  4 vampire mosquitoes (D:12)
  A soldier ant (D:14)
  7 wolves
  2 wargs (Orc:1)
  A porcupine (Lair:1)
  6 water moccasins
  29 orc warriors
  3 sky beasts
  A yellow wasp (Spider:5)
  4 spiders
  A black bear (Lair:3)
  3 ice beasts
  7 ogres
  2 necrophages
  2 phantoms
  A hill giant simulacrum (D:15)
  11 centaurs
  4 crocodiles
  A boring beetle (Lair:7)
  2 big kobolds
  7 giant frogs
  A scorpion (D:10)
  A yak zombie (D:11)
  2 eyes of draining
  3 electric eels
  Dowan (D:5)
  3 crimson imps
  3 killer bees
  12 jellies
  2 hounds
  3 human zombies (D:14)
  A giant frog skeleton (D:11)
  A quasit (D:8)
  5 iguanas
  15 orc priests
  16 orc wizards
  2 worker ants
  A sheep (Lair:8)
  A worker ant zombie (D:5)
  6 gnolls
  8 adders
  18 green rats
  A giant mite (D:7)
  A worm (D:4)
  An adder zombie (D:7)
  An iguana skeleton (D:7)
  2 giant geckos
  2 oozes
  129 orcs
  A bat zombie (D:5)
  13 goblins
  5 hobgoblins
  8 kobolds
  5 ball pythons
  6 bats
  2 giant newts
  A giant spore (D:10)
  A goblin zombie (D:5)
  3 orc zombies
  A quokka (D:12)
  A quokka skeleton (D:6)
  4 rats
  A rat skeleton (D:5)
  7 fungi
  5 plants
778 creatures vanquished.

Vanquished Creatures (others)
  A profane servitor (Zot:5)
  2 bone dragons (Zot:5)
  A draconian scorcher (Zot:1)
  A ghoul (Slime:6)
  6 death cobs
  4 flayed ghosts
  5 skeletal warriors
  6 phantasmal warriors
  A death yak zombie (Lair:8)
  An ice dragon zombie (Zot:5)
  3 wraiths
  6 flying skulls
  8 vampires
  3 deep troll zombies (Depths:5)
  A spectral kobold (Spider:5)
  2 wyvern zombies (Depths:5)
  A scorpion (D:13)
  2 wights
  A yak zombie (D:12)
  A giant frog zombie (Lair:4)
  A hound (D:10)
  A mummy (Lair:3)
  An adder (D:7)
  A shadow imp (Spider:5)
  An ufetubus (Spider:5)
  An adder zombie (D:7)
  A bat skeleton (D:3)
  A ball python zombie (D:3)
  A hobgoblin zombie (Orc:4)
  12 orc zombies
  3 fungi
  2 plants
82 creatures vanquished.

Grand Total: 1704 creatures vanquished

Notes
Turn   | Place    | Note
--------------------------------------------------------------
     0 | D:1      | MDvedh, the Hill Orc Death Knight, began the quest for the Orb.
     0 | D:1      | Reached XP level 1. HP: 18/18 MP: 2/2
     4 | D:1      | Noticed a draconian
     4 | D:1      | Noticed a minotaur
     6 | D:1      | Noticed a troll
     6 | D:1      | Noticed a felid
     8 | D:1      | Noticed a spriggan
     8 | D:1      | Noticed a vampire
    10 | D:1      | Noticed a centaur
    10 | D:1      | Noticed an elf
    12 | D:1      | Noticed an ogre
    12 | D:1      | Noticed a demigod
    14 | D:1      | Noticed a ghoul
    14 | D:1      | Noticed a merfolk
    16 | D:1      | Noticed a naga
    16 | D:1      | Noticed a human
    18 | D:1      | Noticed a tengu
    18 | D:1      | Noticed a dwarf
    20 | D:1      | Noticed a formicid
    24 | D:1      | Noticed a vine stalker
    24 | D:1      | Noticed an octopode
    26 | D:1      | Noticed a gargoyle
    26 | D:1      | Noticed a demonspawn
   215 | D:1      | Reached XP level 2. HP: 20/25 MP: 4/4
   381 | D:1      | Reached skill level 4 in Axes
   973 | D:2      | Reached XP level 3. HP: 16/30 MP: 5/5
  1177 | D:2      | Acquired Yredelemnul's second power
  1177 | D:2      | Reached skill level 5 in Axes
  1461 | D:2      | Reached XP level 4. HP: 30/37 MP: 7/7
  1646 | D:2      | Reached skill level 6 in Axes
  1984 | D:3      | Reached XP level 5. HP: 42/42 MP: 8/8
  2028 | D:3      | Acquired Yredelemnul's third power
  2028 | D:3      | Reached skill level 7 in Axes
  2128 | D:3      | Noticed Ijyb
  2146 | D:3      | Killed Ijyb
  2420 | D:3      | Noticed Crazy Yiuf
  2426 | D:3      | Killed Crazy Yiuf
  2582 | D:3      | Reached skill level 8 in Axes
  2590 | D:3      | Reached XP level 6. HP: 47/50 MP: 10/10
  3025 | D:4      | Reached skill level 9 in Axes
  3397 | D:4      | Found a staircase to the Ecumenical Temple.
  3426 | D:4      | Acquired Yredelemnul's fourth power
  3426 | D:4      | Received a gift from Yredelemnul
  3566 | D:4      | Reached XP level 7. HP: 47/56 MP: 11/11
  3714 | D:4      | Reached skill level 10 in Axes
  3887 | D:5      | Entered Level 5 of the Dungeon
  4031 | D:5      | Received a gift from Yredelemnul
  4152 | D:5      | Found a glowing drain.
  4174 | Sewer    | Entered a sewer
  4598 | Sewer    | Acquired Yredelemnul's fifth power
  4633 | Sewer    | Received a gift from Yredelemnul
  4640 | Sewer    | Reached skill level 11 in Axes
  4819 | D:5      | Noticed Dowan
  4819 | D:5      | Noticed Duvessa
  4825 | D:5      | Killed Duvessa
  4825 | D:5      | Reached XP level 8. HP: 49/62 MP: 13/13
  4831 | D:5      | Killed Dowan
  4886 | D:5      | Reached skill level 12 in Axes
  5582 | D:5      | Reached skill level 13 in Axes
  5623 | D:5      | Noticed Eustachio
  5631 | D:5      | Killed Eustachio
  5860 | D:5      | Received a gift from Yredelemnul
  6305 | D:6      | Noticed Blork the orc
  6314 | D:6      | Killed Blork the orc
  6314 | D:6      | Reached skill level 14 in Axes
  6314 | D:6      | Reached XP level 9. HP: 50/68 MP: 15/15
  6385 | D:6      | Received a gift from Yredelemnul
  6699 | D:7      | Noticed Edmund
  6724 | D:7      | Killed Edmund
  6928 | D:7      | Reached skill level 5 in Invocations
  7511 | D:8      | Found Gyagown's Jewellery Emporium.
  7571 | D:8      | Noticed Joseph
  7581 | D:8      | Killed Joseph
  7614 | D:8      | Noticed Maurice
  7671 | D:8      | Killed Maurice
  7671 | D:8      | Reached skill level 5 in Armour
  7957 | D:8      | Noticed Grum
  7963 | D:8      | Killed Grum
  7963 | D:8      | Reached XP level 10. HP: 58/74 MP: 21/21
  8431 | D:8      | Received a gift from Yredelemnul
  8489 | D:9      | Got a crude chain mail
  8500 | D:9      | Identified the +0 chain mail of the Orb {MR++ Slay-4} (You found it on level 9 of the Dungeon)
  8862 | D:9      | Received a gift from Yredelemnul
  8970 | D:10     | Entered Level 10 of the Dungeon
  9054 | D:10     | Found a staircase to the Lair.
  9118 | D:10     | Killed an unseen horror
  9118 | D:10     | Reached skill level 10 in Invocations
  9474 | Lair:1   | Entered Level 1 of the Lair of Beasts
  9621 | Lair:1   | Received a gift from Yredelemnul
 10026 | Lair:1   | Reached XP level 11. HP: 80/80 MP: 25/25
 10267 | Lair:2   | Found a snail-covered altar of Cheibriados.
 10317 | Lair:2   | Noticed a four-headed hydra
 10323 | Lair:2   | Killed a hydra
 10974 | Lair:2   | Noticed Erica
 10981 | Lair:2   | Killed Erica
 10981 | Lair:2   | Reached skill level 10 in Armour
 11414 | Lair:3   | Noticed a death yak
 11415 | Lair:3   | Noticed a death yak
 11415 | Lair:3   | Noticed a death yak
 11416 | Lair:3   | Noticed a death yak
 11417 | Lair:3   | Noticed a death yak
 11425 | Lair:3   | Killed a death yak
 11426 | Lair:3   | Killed a death yak
 11426 | Lair:3   | Killed a death yak
 11430 | Lair:3   | Killed a death yak
 11432 | Lair:3   | Killed a death yak
 11839 | Lair:3   | Noticed a six-headed hydra
 11846 | Lair:3   | Killed a two-headed hydra
 12236 | Lair:3   | Reached XP level 12. HP: 71/88 MP: 28/28
 12788 | Lair:4   | Received a gift from Yredelemnul
 12916 | Lair:4   | Reached skill level 1 in Dodging
 13152 | Lair:4   | Found a hole to the Spider Nest.
 13602 | Lair:5   | Found a staircase to the Shoals.
 13759 | Lair:5   | Noticed a seven-headed hydra
 13782 | Lair:5   | Killed a one-headed hydra
 13998 | Lair:5   | Reached skill level 5 in Fighting
 14326 | Lair:5   | Noticed a death yak
 14344 | Lair:5   | Killed a death yak
 14361 | Lair:5   | Noticed a death yak
 14372 | Lair:5   | Killed a death yak
 14372 | Lair:5   | Received a gift from Yredelemnul
 14933 | Lair:6   | Received a gift from Yredelemnul
 15081 | Lair:6   | Reached skill level 5 in Dodging
 15126 | Lair:6   | Reached XP level 13. HP: 93/107 MP: 29/29
 15141 | Lair:6   | Found a staircase to the Slime Pits.
 15278 | Lair:6   | Received a gift from Yredelemnul
 15301 | Lair:6   | Noticed an eight-headed hydra
 15310 | Lair:6   | Killed a five-headed hydra
 15864 | Lair:6   | Received a gift from Yredelemnul
 16880 | Lair:7   | Received a gift from Yredelemnul
 16888 | Lair:7   | Gained mutation: Your flesh is heat resistant. [potion of mutation]
 16888 | Lair:7   | Gained mutation: Your muscles are strong. (Str +2) [potion of mutation]
 16888 | Lair:7   | Gained mutation: Your system is resistant to poisons. [potion of mutation]
 16968 | Lair:8   | Entered Level 8 of the Lair of Beasts
 17015 | Lair:8   | Reached skill level 10 in Fighting
 17131 | Lair:8   | Received a gift from Yredelemnul
 17191 | Lair:8   | Found a snail-covered altar of Cheibriados.
 17391 | Lair:8   | Noticed Snorg
 17402 | Lair:8   | Received a gift from Yredelemnul
 17406 | Lair:8   | Killed Snorg
 17915 | Lair:8   | Reached XP level 14. HP: 106/121 MP: 31/31
 17916 | Lair:8   | Received a gift from Yredelemnul
 18350 | Lair:8   | Received a gift from Yredelemnul
 18731 | Lair:5   | Received a gift from Yredelemnul
 19366 | D:11     | Found a staircase to the Orcish Mines.
 19939 | Orc:1    | Entered Level 1 of the Orcish Mines
 19990 | Orc:1    | Paralysed by an orc sorcerer for 3 turns
 20607 | Orc:2    | Noticed an orc warlord
 20614 | Orc:2    | Received a gift from Yredelemnul
 20618 | Orc:2    | Killed an orc warlord
 21074 | Orc:3    | Found a staircase to the Elven Halls.
 21682 | Orc:4    | Entered Level 4 of the Orcish Mines
 21777 | Orc:4    | Received a gift from Yredelemnul
 21902 | Orc:4    | Received a gift from Yredelemnul
 22221 | Orc:4    | Received a gift from Yredelemnul
 22227 | Orc:4    | Gained mutation: You have an increased reservoir of magic (+10% MP). [potion of beneficial mutation]
 22318 | Orc:4    | Noticed an orc warlord
 22319 | Orc:4    | Found a roughly hewn altar of Beogh.
 22330 | Orc:4    | Killed an orc warlord
 22342 | Orc:4    | Found Schodymango's Weapon Emporium.
 22344 | Orc:4    | Received a gift from Yredelemnul
 22694 | Orc:4    | Found Threx's Book Shoppe.
 22708 | Orc:4    | Received a gift from Yredelemnul
 22783 | Orc:4    | Reached skill level 15 in Axes
 22901 | Orc:4    | Received a gift from Yredelemnul
 22942 | Orc:4    | Received a gift from Yredelemnul
 22961 | Orc:4    | Found a roughly hewn altar of Beogh.
 22967 | Orc:4    | Received a gift from Yredelemnul
 22976 | Orc:4    | Found Klimoep's Antique Weapon Emporium.
 22991 | Orc:4    | Bought a runed broad axe for 128 gold pieces
 23001 | Orc:4    | Found Plaawn's Assorted Antiques.
 23020 | Orc:4    | Bought a scroll of fog for 64 gold pieces
 23286 | D:12     | Got a steaming chain mail
 23287 | D:12     | Identified the +12 chain mail of the Original Sin {+Blink rC+} (You found it on level 12 of the Dungeon)
 23811 | D:13     | Reached XP level 15. HP: 105/132 MP: 34/34
 23838 | D:13     | Found Blavuge's Armour Shoppe.
 23845 | D:13     | Bought a +1 pair of gloves of strength for 247 gold pieces
 23886 | D:13     | Received a gift from Yredelemnul
 24037 | D:13     | Reached skill level 16 in Axes
 24370 | D:13     | Noticed Sonja
 24376 | D:13     | Killed Sonja
 24742 | D:13     | Received a gift from Yredelemnul
 24744 | D:13     | Reached skill level 17 in Axes
 25146 | D:14     | Found a gate to the Vaults.
 25308 | D:14     | Noticed an azure jelly
 25320 | D:14     | Killed an azure jelly
 25331 | D:14     | Found a frozen archway.
 25373 | D:14     | Received a gift from Yredelemnul
 25704 | Spider:1 | Entered Level 1 of the Spider Nest
 25709 | Spider:1 | Reached skill level 18 in Axes
 25714 | Spider:1 | Received a gift from Yredelemnul
 26141 | Spider:5 | Entered Level 5 of the Spider Nest
 26145 | Spider:5 | Reached skill level 19 in Axes
 26161 | Spider:5 | Noticed Kashira's ghost (mighty NaEn)
 26167 | Spider:5 | Killed Kashira's ghost
 26258 | Spider:5 | Reached XP level 16. HP: 93/140 MP: 1/35
 26412 | Spider:5 | Received a gift from Yredelemnul
 26415 | Spider:5 | Reached skill level 20 in Axes
 26827 | Spider:5 | Got a gossamer rune of Zot
 27002 | Shoals:1 | Entered Level 1 of the Shoals
 27145 | Shoals:3 | Reached skill level 21 in Axes
 27152 | Shoals:3 | Noticed Kirke
 27153 | Shoals:3 | Noticed a sphinx
 27160 | Shoals:3 | Killed a sphinx
 27161 | Shoals:3 | Noticed a sphinx
 27163 | Shoals:3 | Killed Kirke
 27371 | Shoals:5 | Entered Level 5 of the Shoals
 27521 | Shoals:5 | Got a barnacled rune of Zot
 27965 | D:8      | Bought an uncursed amulet of clarity for 320 gold pieces
 27965 | D:8      | Bought the ring of Shaolin {EV+8} for 2048 gold pieces
 28386 | Slime:1  | Entered Level 1 of the Pits of Slime
 28397 | Slime:1  | Noticed an acid blob
 28403 | Slime:1  | Killed an acid blob
 28403 | Slime:1  | Reached skill level 22 in Axes
 28599 | Slime:2  | Noticed an acid blob
 28599 | Slime:2  | Noticed an acid blob
 28605 | Slime:2  | Killed an acid blob
 28609 | Slime:2  | Noticed an acid blob
 28609 | Slime:2  | Killed an acid blob
 28613 | Slime:2  | Killed an acid blob
 28876 | Slime:4  | Noticed an acid blob
 28881 | Slime:4  | Killed an acid blob
 28886 | Slime:4  | Received a gift from Yredelemnul
 29114 | Slime:6  | Entered Level 6 of the Pits of Slime
 29130 | Slime:6  | Received a gift from Yredelemnul
 29149 | Slime:6  | Noticed an acid blob
 29154 | Slime:6  | Killed an acid blob
 29160 | Slime:6  | Reached skill level 10 in Dodging
 29173 | Slime:6  | Noticed the royal jelly
 29186 | Slime:6  | Noticed an acid blob
 29186 | Slime:6  | Noticed an acid blob
 29188 | Slime:6  | Killed an acid blob
 29189 | Slime:6  | Noticed an acid blob
 29191 | Slime:6  | Killed an acid blob
 29191 | Slime:6  | Killed an acid blob
 29192 | Slime:6  | Received a gift from Yredelemnul
 29196 | Slime:6  | Killed the royal jelly
 29196 | Slime:6  | Reached XP level 17. HP: 124/148 MP: 10/36
 29203 | Slime:6  | Noticed an acid blob
 29223 | Slime:6  | Killed an acid blob
 29233 | Slime:6  | Identified the Volume of Execration (You found it on level 6 of the Pits of Slime)
 29247 | Slime:6  | Noticed an acid blob
 29253 | Slime:6  | Got a slimy rune of Zot
 29259 | Slime:6  | Killed an acid blob
 29275 | Slime:6  | Identified a +2 pair of boots of running (You found it on level 6 of the Pits of Slime)
 29317 | Slime:6  | Noticed an acid blob
 29325 | Slime:6  | Killed an acid blob
 29330 | Slime:6  | Got a warped helmet
 29341 | Slime:6  | Identified the cursed -3 helmet of Lilacs {Dex-1 Int+3} (You found it on level 6 of the Pits of Slime)
 29401 | Slime:6  | Got a vibrating bronze ring
 29450 | Slime:6  | Identified the ring "Suoxy" {Wiz Dex+1} (You found it on level 6 of the Pits of Slime)
 30163 | D:15     | Entered Level 15 of the Dungeon
 30165 | D:15     | Found Irarin's Food Boutique.
 30600 | D:15     | Noticed Rupert
 30613 | D:15     | Killed Rupert
 30776 | D:15     | Found a staircase to the Depths.
 30798 | Depths:1 | Entered Level 1 of the Depths
 31008 | Depths:4 | Reached skill level 15 in Fighting
 31279 | Depths:4 | Noticed a golden dragon
 31296 | Depths:4 | Killed a golden dragon
 31305 | Depths:4 | Noticed a golden dragon
 31308 | Depths:4 | Noticed a tentacled monstrosity
 31315 | Depths:4 | Noticed a lich
 31317 | Depths:4 | Killed a golden dragon
 31319 | Depths:4 | Killed a tentacled monstrosity
 31327 | Depths:4 | Received a gift from Yredelemnul
 31335 | Depths:4 | Killed a lich
 31341 | Depths:4 | Reached XP level 18. HP: 24/157 MP: 37/37
 31548 | Depths:4 | Found a one-way gate leading to the halls of Pandemonium.
 31854 | Depths:5 | Entered Level 5 of the Depths
 32022 | Depths:5 | Noticed Boris
 32035 | Depths:5 | Killed Boris
 32094 | Depths:5 | Noticed a tentacled monstrosity
 32103 | Depths:5 | Killed a tentacled monstrosity
 32107 | Depths:5 | Received a gift from Yredelemnul
 32145 | Depths:5 | Found a gateway to a ziggurat.
 32152 | Depths:5 | Noticed Margery
 32163 | Depths:5 | Killed Margery
 32493 | Depths:5 | Found a gateway to Hell.
 32687 | Depths:5 | Killed a tentacled monstrosity
 32834 | Depths:5 | Noticed a golden dragon
 32849 | Depths:5 | Killed a golden dragon
 32856 | Depths:5 | Received a gift from Yredelemnul
 33019 | Depths:5 | Found a gate to the Realm of Zot.
 33032 | Zot:1    | Entered Level 1 of the Realm of Zot
 33057 | Zot:1    | Reached XP level 19. HP: 153/177 MP: 37/37
 33684 | Zot:4    | Noticed a golden dragon
 33686 | Zot:4    | Received a gift from Yredelemnul
 33691 | Zot:4    | Killed a golden dragon
 33836 | Zot:5    | Entered Level 5 of the Realm of Zot
 33969 | Zot:4    | Noticed a golden dragon
 33977 | Zot:4    | Killed a golden dragon
 34177 | Zot:5    | Noticed an ancient lich
 34189 | Zot:5    | Killed an ancient lich
 34435 | Zot:5    | Noticed a Killer Klown
 34437 | Zot:5    | Noticed an orb of fire
 34437 | Zot:5    | Gained mutation: You are dopey. (Int -2) [an orb of fire]
 34441 | Zot:5    | Noticed an electric golem
 34456 | Zot:5    | Gained mutation: Your muscles are very strong. (Str +4) [an orb of fire]
 34457 | Zot:5    | Killed an electric golem
 34464 | Zot:5    | Gained mutation: You are frail (-10% HP). [an orb of fire]
 34465 | Zot:5    | Killed an orb of fire
 34561 | Zot:5    | Killed a Killer Klown
 34576 | Zot:5    | Received a gift from Yredelemnul
 34633 | Zot:5    | Noticed an orb of fire
 34645 | Zot:5    | Lost mutation: You have an increased reservoir of magic (+10% MP). [an orb of fire]
 34650 | Zot:5    | Killed an orb of fire
 34664 | Zot:5    | Noticed a curse toe
 34679 | Zot:5    | Killed a curse toe
 34679 | Zot:5    | Reached XP level 20. HP: 127/175 MP: 35/35
 34683 | Zot:5    | Noticed an orb of fire
 34685 | Zot:5    | Noticed an orb of fire
 34697 | Zot:5    | Noticed an electric golem
 34697 | Zot:5    | Killed an orb of fire
 34717 | Zot:5    | Reached skill level 23 in Fighting
 34744 | Zot:5    | Noticed an ancient lich
 34745 | Zot:5    | Killed an electric golem
 34753 | Zot:5    | Gained mutation: You are very dopey. (Int -4) [an orb of fire]
 34756 | Zot:5    | Gained mutation: Your body is slowly deteriorating. [an orb of fire]
 34765 | Zot:5    | Gained mutation: Your spells are a little easier to cast, but a little less powerful. [an orb of fire]
 34766 | Zot:5    | Killed an orb of fire
 34776 | Zot:5    | Killed an ancient lich
 34776 | Zot:5    | Reached skill level 24 in Fighting
 34809 | Zot:5    | Noticed an orb of fire
 34855 | Zot:5    | Got the Orb of Zot
 34903 | Zot:5    | Noticed an orb of fire
 34904 | Zot:5    | Gained mutation: Your magical capacity is low (-10% MP). [an orb of fire]
 34905 | Zot:5    | Gained mutation: Space occasionally distorts in your vicinity. [an orb of fire]
 34914 | Zot:5    | Noticed a Killer Klown
 35000 | Zot:1    | Noticed a tentacled monstrosity
 35040 | Depths:5 | Lost mutation: You are very dopey. (Int -4) [potion of cure mutation]
 35040 | Depths:5 | Lost mutation: Your magical capacity is low (-10% MP). [potion of cure mutation]
 35040 | Depths:5 | Lost mutation: Space occasionally distorts in your vicinity. [potion of cure mutation]
 35040 | Depths:5 | Lost mutation: Your system is resistant to poisons. [potion of cure mutation]
 35040 | Depths:5 | Lost mutation: Your spells are a little easier to cast, but a little less powerful. [potion of cure mutation]
 35040 | Depths:5 | Lost mutation: Your body is slowly deteriorating. [potion of cure mutation]
 35107 | Depths:5 | Noticed Mneiled the pandemonium lord
 35111 | Depths:5 | Noticed a Brimstone Fiend
 35116 | Depths:5 | Killed from afar by a smoke demon

Action                   |  1- 3 |  4- 6 |  7- 9 | 10-12 | 13-15 | 16-18 | 19-21 || total
-------------------------+-------+-------+-------+-------+-------+-------+-------++-------
Melee: Hand axe          |    82 |   134 |       |       |       |       |       ||   216
       War axe           |       |    90 |   451 |   524 |   979 |   144 |       ||  2188
       Battleaxe         |       |       |       |       |       |   472 |   238 ||   710
Invok: Animate Remains   |     4 |       |       |       |       |       |       ||     4
       Animate Dead      |       |     5 |     5 |     4 |     8 |    17 |     3 ||    42
       Recall Undead Sla |       |     1 |     7 |    12 |    28 |    36 |    25 ||   109
       Injury Mirror     |       |     1 |       |       |       |       |       ||     1
       Drain Life        |       |       |       |     3 |    21 |    15 |       ||    39
       Enslave Soul      |       |       |       |       |     2 |       |       ||     2
Evoke: Wand              |       |       |     3 |     5 |     2 |     5 |     4 ||    19
  Use: Scroll            |       |     8 |     7 |    11 |    14 |    13 |     5 ||    58
       Potion            |       |       |       |       |     3 |    13 |    25 ||    41
 Stab: Distracted        |     1 |     1 |     1 |     8 |    23 |    14 |     3 ||    51
       Confused          |       |       |       |       |     4 |     1 |       ||     5
  Eat: Chunk             |     2 |     7 |     8 |    11 |     6 |     2 |       ||    36
       Meat ration       |       |       |     2 |     3 |     7 |     5 |       ||    17
       Bread ration      |       |       |       |       |       |     2 |     3 ||     5
